MLB
MINNESOTA TWINS @ CINCINNATI REDS
08/18/2045
 
TOP OF THE 1ST
Minnesota Twins batting - Pitching for Cincinnati Reds : LHP Dave Rivera
Pitching: LHP Dave Rivera
Batting: RHB Jesse Scott 0-0: Called Strike
0-1: Ball
1-1: Ball
2-1: Called Strike
2-2: Ground out 6-3 (Groundball, 6, EV 86.9 MPH)
Batting: RHB Väinö Tapaninen 0-0: Foul Ball, location: 2F
0-1: Bunt missed!
0-2: Foul Ball, location: 2F
0-2: Ball
1-2: Reached on error, E6 (Groundball, 6, EV 87.5 MPH)
Batting: RHB Hildo Pot 0-0: Ball
1-0: Foul Ball, location: 2F
1-1: Fly out, F8 (Flyball, 89S, EV 85.0 MPH)
Batting: RHB Matthew Starr 0-0: Swinging Strike
0-1: Ball
1-1: Called Strike
1-2: Fielders Choice at 2nd, 6-4 (Groundball, 6, EV 81.2 MPH)
Top of the 1st over - 0 runs, 0 hits, 1 error, 1 left on base; Minnesota 0 - Cincinnati 0
BOTTOM OF THE 1ST
Cincinnati Reds batting - Pitching for Minnesota Twins : LHP Adam Wood
Pitching: LHP Adam Wood
Batting: RHB Willie Lazcano 0-0: Ground out 5-3 (Groundball, 5, EV 83.1 MPH)
Batting: RHB Joseph Kirchmann 0-0: Called Strike
0-1: Foul Ball, location: 2F
0-2: Foul Ball, location: 2F
0-2: Ball
1-2: Ground out 6-3 (Groundball, 6S, EV 71.2 MPH)
Batting: RHB Bruno André 0-0: Reached on error, E6 (Groundball, 6, EV 90.0 MPH)
Batting: SHB Dave Barefoot 0-0: SINGLE (Line Drive, 8RS, EV 98.1 MPH)
Bruno André to second
Batting: RHB Fred Slade 0-0: Ball
1-0: Ball
2-0: Ground out 5-3 (Groundball, 56S, EV 67.5 MPH)
Bottom of the 1st over - 0 runs, 1 hit, 1 error, 2 left on base; Minnesota 0 - Cincinnati 0
TOP OF THE 2ND
Minnesota Twins batting - Pitching for Cincinnati Reds : LHP Dave Rivera
Batting: RHB Danny Miramontes 0-0: Ball
1-0: Foul Ball, location: 2F
1-1: Fly out, F3 (Popup, 34, EV 75.6 MPH)
Batting: RHB Mike Quackenbush 0-0: Ball
1-0: Called Strike
1-1: SINGLE (Line Drive, 9S, EV 102.5 MPH)
Batting: RHB Yonetoshi Muranaka 0-0: Ball
Mike Quackenbush steals 2nd base
1-0: Called Strike
1-1: Called Strike
1-2: Foul Ball, location: 2F
1-2: Ball
2-2: Fly out, F7 (Flyball, 78D, EV 93.8 MPH)
Runner from 2nd tags up, OUT at 3rd! 7-5
Top of the 2nd over - 0 runs, 1 hit, 0 errors, 0 left on base; Minnesota 0 - Cincinnati 0
BOTTOM OF THE 2ND
Cincinnati Reds batting - Pitching for Minnesota Twins : LHP Adam Wood
Batting: RHB Omar Quintana 0-0: Ball
1-0: Swinging Strike
1-1: Foul Ball, location: 2F
1-2: Ball
2-2: Foul Ball, location: 2F
2-2: Strikes out looking
Batting: LHB Andy Arbuckle 0-0: Ball
1-0: Ball
2-0: Called Strike
2-1: Ball
3-1: Called Strike
3-2: Foul Ball, location: 2F
3-2: Foul Ball, location: 2F
3-2: Foul Ball, location: 2F
3-2: SINGLE (Line Drive, 34, EV 95.0 MPH)
Batting: LHB Jake Bill 0-0: Called Strike
0-1: Ball
1-1: Ball
2-1: Foul Ball, location: 2F
2-2: Ball
Andy Arbuckle is caught stealing 2nd base 2-6
3-2: Base on Balls
Batting: LHB Satoru Handa 0-0: Ground out U3 (Groundball, 3, EV 81.9 MPH)
Bottom of the 2nd over - 0 runs, 1 hit, 0 errors, 1 left on base; Minnesota 0 - Cincinnati 0
TOP OF THE 3RD
Minnesota Twins batting - Pitching for Cincinnati Reds : LHP Dave Rivera
Batting: RHB Aaron Trotman 0-0: Ball
1-0: Ground out 5-3 (Groundball, 56, EV 90.0 MPH)
Batting: RHB Sifaks Warui 0-0: Fly out, F8 (Flyball, 8LM, EV 99.4 MPH)
Batting: RHB Jesse Scott 0-0: Called Strike
0-1: Ball
1-1: Ball
2-1: Ground out 6-3 (Groundball, 6, EV 100.6 MPH)
Top of the 3rd over - 0 runs, 0 hits, 0 errors, 0 left on base; Minnesota 0 - Cincinnati 0
BOTTOM OF THE 3RD
Cincinnati Reds batting - Pitching for Minnesota Twins : LHP Adam Wood
Batting: RHB Willie Lazcano 0-0: Ball
1-0: Ball
2-0: Foul Ball, location: 2F
2-1: Ball
3-1: Base on Balls
Batting: RHB Joseph Kirchmann 0-0: Ball
1-0: Ball
2-0: Ball
3-0: Fly out, F9 (Flyball, 9, EV 85.0 MPH)
Batting: RHB Bruno André 0-0: DOUBLE (Flyball, 78XD, EV 101.9 MPH)
Willie Lazcano to third
Runner from 3rd tries for Home, SAFE, no throw by CF
Batting: SHB Dave Barefoot 0-0: Called Strike
0-1: Ball
1-1: Ball
2-1: Foul Ball, location: 2F
2-2: Fly out, F4 (Popup, 34D, EV 54.4 MPH)
Batting: RHB Fred Slade 0-0: Foul Ball, location: 2F
0-1: SINGLE (Line Drive, 7S, EV 88.8 MPH)
Bruno André to third
Runner from 3rd tries for Home, throw by LF and OUT! 7-2
Bottom of the 3rd over - 1 run, 2 hits, 0 errors, 1 left on base; Minnesota 0 - Cincinnati 1
TOP OF THE 4TH
Minnesota Twins batting - Pitching for Cincinnati Reds : LHP Dave Rivera
Batting: RHB Väinö Tapaninen 0-0: Ball
1-0: Swinging Strike
1-1: Fly out, F8 (Flyball, 8RS, EV 92.5 MPH)
Batting: RHB Hildo Pot 0-0: Ball
1-0: Foul Ball, location: 2F
1-1: Foul Ball, location: 2F
1-2: Ground out 4-3 (Groundball, 4, EV 112.5 MPH)
Batting: RHB Matthew Starr 0-0: Ball
1-0: SINGLE (Groundball, 3D, EV 95.6 MPH)
Batting: RHB Danny Miramontes 0-0: Ball
1-0: Ball
2-0: Fly out, F3 (Line Drive, 3, EV 70.0 MPH)
Top of the 4th over - 0 runs, 1 hit, 0 errors, 1 left on base; Minnesota 0 - Cincinnati 1
BOTTOM OF THE 4TH
Cincinnati Reds batting - Pitching for Minnesota Twins : LHP Adam Wood
Batting: RHB Omar Quintana 0-0: Called Strike
0-1: Ball
1-1: Swinging Strike
1-2: Fly out, F9 (Flyball, 9S, EV 85.0 MPH)
Batting: LHB Andy Arbuckle 0-0: Ball
1-0: Ground out 6-3 (Groundball, 6M, EV 95.6 MPH)
Batting: LHB Jake Bill 0-0: SINGLE (Line Drive, 7S, EV 101.2 MPH)
Batting: LHB Satoru Handa 0-0: Fielders Choice at 2nd, 6-4 (Groundball, 6, EV 90.0 MPH)
Bottom of the 4th over - 0 runs, 1 hit, 0 errors, 1 left on base; Minnesota 0 - Cincinnati 1
TOP OF THE 5TH
Minnesota Twins batting - Pitching for Cincinnati Reds : LHP Dave Rivera
Batting: RHB Mike Quackenbush 0-0: SOLO HOME RUN (Flyball, 78XD, EV 109.4 MPH), Distance : 407 ft
Batting: RHB Yonetoshi Muranaka 0-0: Ball
1-0: Ball
2-0: Ball
3-0: Base on Balls
Batting: RHB Aaron Trotman 0-0: Ground out 5-3 (Groundball, 56S, EV 85.6 MPH)
Yonetoshi Muranaka to second
Batting: RHB Sifaks Warui 0-0: Swinging Strike
0-1: Ground out 5-3 (Groundball, 5, EV 85.0 MPH)
Batting: RHB Jesse Scott 0-0: Fly out, F7 (Flyball, 78D, EV 94.4 MPH)
Top of the 5th over - 1 run, 1 hit, 0 errors, 1 left on base; Minnesota 1 - Cincinnati 1
BOTTOM OF THE 5TH
Cincinnati Reds batting - Pitching for Minnesota Twins : LHP Adam Wood
Batting: RHB Willie Lazcano 0-0: Ground out 6-3 (Groundball, 6, EV 89.4 MPH)
Batting: RHB Joseph Kirchmann 0-0: Ball
1-0: Ball
2-0: Called Strike
2-1: Swinging Strike
2-2: Strikes out swinging
Batting: RHB Bruno André 0-0: Called Strike
0-1: SOLO HOME RUN (Flyball, 78XD, EV 103.8 MPH), Distance : 432 ft
Batting: SHB Dave Barefoot 0-0: Foul Ball, location: 2F
0-1: Foul Ball, location: 2F
0-2: Ball
1-2: Foul Ball, location: 2F
1-2: Ball
2-2: SINGLE (Flyball, 7LS, EV 87.5 MPH)
Batting: RHB Fred Slade 0-0: Ball
Dave Barefoot is caught stealing 2nd base 2-4
Bottom of the 5th over - 1 run, 2 hits, 0 errors, 0 left on base; Minnesota 1 - Cincinnati 2
TOP OF THE 6TH
Minnesota Twins batting - Pitching for Cincinnati Reds : LHP Dave Rivera
Batting: RHB Väinö Tapaninen 0-0: Called Strike
0-1: Fly out, F9 (Flyball, 89D, EV 100.0 MPH)
Batting: RHB Hildo Pot 0-0: Ball
1-0: Called Strike
1-1: Ball
2-1: Ball
3-1: SINGLE (Groundball, 6S, EV 63.1 MPH) (infield hit)
Batting: RHB Matthew Starr 0-0: Ball
1-0: Fly out, F8 (Line Drive, 8LM, EV 89.4 MPH)
Batting: RHB Danny Miramontes 0-0: Ball
1-0: Ball
2-0: Ball
3-0: Called Strike
3-1: Base on Balls
Hildo Pot to second
Batting: RHB Mike Quackenbush 0-0: DOUBLE (Flyball, 8LXD, EV 96.9 MPH)
Hildo Pot scores
Danny Miramontes to third
Runner from 3rd tries for Home, throw by CF and OUT! 8-6-2
Top of the 6th over - 1 run, 2 hits, 0 errors, 1 left on base; Minnesota 2 - Cincinnati 2
BOTTOM OF THE 6TH
Cincinnati Reds batting - Pitching for Minnesota Twins : LHP Adam Wood
Batting: RHB Fred Slade 0-0: Ball
1-0: Foul Ball, location: 2F
1-1: Ball
2-1: Ball
3-1: Swinging Strike
3-2: Fly out, F8 (Flyball, 89D, EV 94.4 MPH)
Batting: RHB Omar Quintana 0-0: Called Strike
0-1: Ball
1-1: Fly out, F3 (Line Drive, 3, EV 65.0 MPH)
Batting: LHB Andy Arbuckle 0-0: Ball
1-0: SINGLE (Flyball, 8LS, EV 93.8 MPH)
Batting: LHB Jake Bill 0-0: Ball
1-0: Called Strike
1-1: Foul Ball, location: 2F
1-2: Fly out, F7 (Line Drive, 7, EV 93.8 MPH)
Bottom of the 6th over - 0 runs, 1 hit, 0 errors, 1 left on base; Minnesota 2 - Cincinnati 2
TOP OF THE 7TH
Minnesota Twins batting - Pitching for Cincinnati Reds : LHP Dave Rivera
Batting: RHB Yonetoshi Muranaka 0-0: DOUBLE (Line Drive, 78D, EV 109.4 MPH)
Batting: RHB Aaron Trotman 0-0: Ball
1-0: Ball
2-0: Ground out 1-3 (Groundball, 15S, EV 75.6 MPH)
Batting: RHB Sifaks Warui 0-0: Ground out 5-3 (Groundball, 5L, EV 81.2 MPH)
Batting: RHB Jesse Scott 0-0: Ball
1-0: Ball
2-0: Called Strike
2-1: Foul Ball, location: 2F
2-2: Ground out 5-3 (Groundball, 5, EV 101.2 MPH)
Top of the 7th over - 0 runs, 1 hit, 0 errors, 1 left on base; Minnesota 2 - Cincinnati 2
BOTTOM OF THE 7TH
Cincinnati Reds batting - Pitching for Minnesota Twins : LHP Adam Wood
Batting: LHB Satoru Handa 0-0: Ground out U3 (Groundball, 3, EV 81.9 MPH)
Batting: RHB Willie Lazcano 0-0: Called Strike
0-1: Ball
1-1: Ball
2-1: Ball
3-1: Base on Balls
Batting: RHB Joseph Kirchmann 0-0: Called Strike
0-1: Called Strike
Willie Lazcano is caught stealing 2nd base 2-4
0-2: Ball
1-2: Ball
2-2: Ball
3-2: Fly out, F9 (Flyball, 89XD, EV 98.8 MPH)
Bottom of the 7th over - 0 runs, 0 hits, 0 errors, 0 left on base; Minnesota 2 - Cincinnati 2
TOP OF THE 8TH
Minnesota Twins batting - Pitching for Cincinnati Reds : LHP Dave Rivera
Batting: RHB Väinö Tapaninen 0-0: Ball
1-0: SINGLE (Groundball, 56D, EV 96.9 MPH)
Batting: RHB Hildo Pot 0-0: Swinging Strike
0-1: Ball
1-1: Ball
2-1: Foul Ball, location: 2F
2-2: DOUBLE (Line Drive, 9LM, EV 105.6 MPH)
Väinö Tapaninen to third
Batting: RHB Matthew Starr 0-0: Called Strike
0-1: Ground out 6-3 (Groundball, 6, EV 76.9 MPH)
Batting: RHB Danny Miramontes 0-0: Ball
1-0: Foul Ball, location: 2F
1-1: Foul Ball, location: 2F
1-2: Foul Ball, location: 2F
1-2: Ground out 6-3 (Groundball, 6, EV 86.9 MPH)
Batting: RHB Mike Quackenbush 0-0: Ball
1-0: Ball
2-0: Ground out 3-1 (Groundball, 34S, EV 79.4 MPH)
Top of the 8th over - 0 runs, 2 hits, 0 errors, 2 left on base; Minnesota 2 - Cincinnati 2
BOTTOM OF THE 8TH
Cincinnati Reds batting - Pitching for Minnesota Twins : LHP Adam Wood
Pitching: RHP Juan Gomez
Batting: RHB Bruno André 0-0: Ground out 3-1 (Groundball, 34, EV 105.6 MPH)
Batting: SHB Dave Barefoot 0-0: Swinging Strike
0-1: Ball
1-1: Foul Ball, location: 2F
1-2: Ball
2-2: Fly out, F9 (Flyball, 9LD, EV 98.1 MPH)
Batting: RHB Fred Slade 0-0: Ball
1-0: Ball
2-0: Called Strike
2-1: Foul Ball, location: 2F
2-2: Ball
3-2: SINGLE (Flyball, 5D, EV 90.0 MPH)
Batting: RHB Omar Quintana 0-0: Called Strike
0-1: Ball
1-1: Ball
2-1: Foul Ball, location: 2F
2-2: Foul Ball, location: 2F
2-2: Foul Ball, location: 2F
2-2: Ball
3-2: Strikes out swinging
Bottom of the 8th over - 0 runs, 1 hit, 0 errors, 1 left on base; Minnesota 2 - Cincinnati 2
TOP OF THE 9TH
Minnesota Twins batting - Pitching for Cincinnati Reds : LHP Dave Rivera
Batting: RHB Yonetoshi Muranaka 0-0: Fly out, F8 (Flyball, 8RD, EV 93.1 MPH)
Pitching: LHP David James
Batting: RHB Aaron Trotman 0-0: Ball
1-0: Swinging Strike
1-1: Foul Ball, location: 2F
1-2: Fly out, F8 (Flyball, 8RD, EV 100.6 MPH)
Batting: RHB Sifaks Warui 0-0: Ground out U3 (Groundball, 34S, EV 83.1 MPH)
Top of the 9th over - 0 runs, 0 hits, 0 errors, 0 left on base; Minnesota 2 - Cincinnati 2
BOTTOM OF THE 9TH
Cincinnati Reds batting - Pitching for Minnesota Twins : RHP Juan Gomez
Pitching: LHP Travis Stichter
Batting: LHB Andy Arbuckle 0-0: Called Strike
0-1: Ball
1-1: Ball
2-1: Foul Ball, location: 2F
2-2: Strikes out looking
Batting: LHB Jake Bill 0-0: Ball
1-0: Swinging Strike
1-1: Ground out 5-3 (Groundball, 5, EV 85.0 MPH)
Batting: LHB Satoru Handa 0-0: Called Strike
0-1: Ball
1-1: Foul Ball, location: 2F
1-2: Foul Ball, location: 2F
1-2: Foul Ball, location: 2F
1-2: Strikes out looking
Bottom of the 9th over - 0 runs, 0 hits, 0 errors, 0 left on base; Minnesota 2 - Cincinnati 2
TOP OF THE 10TH
Minnesota Twins batting - Pitching for Cincinnati Reds : LHP David James
Batting: RHB Jesse Scott 0-0: SINGLE (Groundball, 6S, EV 98.1 MPH)
Batting: RHB Väinö Tapaninen 0-0: Called Strike
Jesse Scott steals 2nd base
0-1: Ball
1-1: Ground out 5-3 (Groundball, 56S, EV 90.0 MPH)
Batting: RHB Hildo Pot 0-0: Ball
1-0: Called Strike
Jesse Scott steals 3rd base
1-1: Called Strike
1-2: SINGLE (Groundball, 6D, EV 102.5 MPH)
Jesse Scott scores
Batting: RHB Matthew Starr 0-0: Ball
1-0: Called Strike
1-1: Ball
2-1: Ball
3-1: Foul Ball, location: 2F
3-2: Base on Balls
Hildo Pot to second
Batting: RHB Danny Miramontes 0-0: Swinging Strike
0-1: Called Strike
0-2: Grounds into double play, 4-6-3 (Groundball, 4S, EV 84.4 MPH)
Top of the 10th over - 1 run, 2 hits, 0 errors, 1 left on base; Minnesota 3 - Cincinnati 2
BOTTOM OF THE 10TH
Cincinnati Reds batting - Pitching for Minnesota Twins : LHP Travis Stichter
Pitching: LHP Jim Storer
Now at 1B: Yonetoshi Muranaka
Now at 2B: Tony Rivera
Now in LF: Aaron Trotman
Now in CF: Väinö Tapaninen
Now in RF: Joel Kunkler
Batting: RHB Willie Lazcano 0-0: Ground out U3 (Groundball, 3S, EV 76.9 MPH)
Batting: RHB Joseph Kirchmann 0-0: Ground out 5-3 (Groundball, 5L, EV 88.1 MPH)
Batting: RHB Bruno André 0-0: Ground out 5-3 (Groundball, 5S, EV 63.8 MPH)
Bottom of the 10th over - 0 runs, 0 hits, 0 errors, 0 left on base; Minnesota 3 - Cincinnati 2
Wednesday, June 22nd , 2022 - OOTP Baseball 23.4 Build 64